 Dungeon Crawl Stone Soup version 0.16-a0-3153-gb9b0e1b (webtiles) character file.

10133 SharpStick the Cleaver (level 11, -19/70 HPs)
             Began as a Lacertilian Fighter on Dec 15, 2014.
             Was a High Priest of Okawaru.
             Demolished by a fire elemental (24 damage)
             ... on level 1 of the Lair of Beasts on Dec 16, 2014.
             The game lasted 00:52:35 (12907 turns).

SharpStick the Cleaver (Lacertilian Fighter)       Turns: 12907, Time: 00:52:35

Health: -19/70     AC: 23    Str: 17 (20) XL:     11   Next: 32%
Magic:  20/22      EV: 10    Int:  7 (8)  God:    Okawaru [*****.]
Gold:   252        SH: 11    Dex: 12 (13) Spells: 0 memorised, 10 levels left

rFire  x . .     SeeInvis +     a - +1 war axe
rCold  + + +     Rnd*Rage +     D - +1 ice dragon armour
rNeg   . . .     SustAb   .     c - +0 shield (curse)
rPois  +         Gourm    .     N - +1 helmet {SInv}
rElec  .         Spirit   .     z - +0 cloak {rPois}
rCorr  .         Warding  .     (no gloves)
rMut   .         Stasis   .     (no boots)
MR     .....                    (no amulet)
Stlth  +++.......               B - ring of protection from cold
                                q - +4 ring of protection

@: heroism, not resistant to hostile enchantments, fairly stealthy
A: strong connection with the divine, slimy green scales 2, camouflage 2,
berserk 1, deterioration 1
a: Heroism, Finesse, Renounce Religion


You were on level 1 of the Lair of Beasts.
You worshipped Okawaru.
Okawaru was extremely pleased with you.
You were not hungry.

You visited 3 branches of the dungeon, and saw 11 of its levels.

You collected 661 gold pieces.
You spent 409 gold pieces at shops.

Inventory:

Hand weapons
 a - a +1 war axe (weapon)
 b - a +2 hand axe of flaming
 l - a cursed +2 spear of freezing
 C - a +0 blowgun
 O - the +4 scimitar "Amargh" {slice, +Fly rN+}
   (Okawaru gifted it to you on level 9 of the Dungeon)

   It inflicts extra damage upon your enemies.
   It protects you from negative energy.
   It lets you fly.
Missiles
 k - 2 tomahawks of dispersal
 w - 11 tomahawks
 A - 7 curare-tipped needles
 E - 96 poisoned needles
 P - 8 javelins (quivered)
Armour
 c - a cursed +0 shield (worn)
 z - a +0 cloak of poison resistance (worn)
 D - a +1 ice dragon armour (worn)
 N - a +1 helmet of see invisible (worn)
Magical staves
 M - an uncursed staff of wizardry
Jewellery
 i - an uncursed ring of stealth
 n - an uncursed ring of ice
 q - a +4 ring of protection (left hand)
 r - an uncursed ring of wizardry
 B - a ring of protection from cold (right hand)
 L - an uncursed ring of flight
Magical devices
 s - a wand of paralysis (4)
 x - a wand of digging (4)
 K - a wand of teleportation (2)
 U - a wand of draining (2)
Scrolls
 t - a scroll of fog
 y - 2 scrolls of teleportation
 F - a scroll of immolation
 G - 4 scrolls of remove curse
 J - 3 scrolls of enchant weapon
 R - a scroll of recharging
Potions
 e - a potion of might
 f - a potion of resistance
 h - 5 potions of curing
 j - 2 potions of agility
 m - a potion of cancellation
 p - a potion of lignification
 u - 2 potions of brilliance
 H - a potion of haste
 I - 2 potions of flight
 T - 2 potions of poison {unknown}
Books
 S - a book of Unlife

   Spells                             Type                      Level
   a - Recall                         Summoning/Translocation      3
   b - Animate Dead                   Necromancy                   4
   c - Control Undead                 Necromancy                   4
   d - Cigotuvi's Embrace             Necromancy                   5
   e - Death Channel                  Necromancy                   6
   f - Simulacrum                     Ice/Necromancy               6
 V - a book of Fire

   Spells                             Type                      Level
   a - Ignite Poison                  Fire/Transmutation           5
   b - Fireball                       Conjuration/Fire             5
   c - Bolt of Fire                   Conjuration/Fire             6
   d - Delayed Fireball               Conjuration/Fire             7
   e - Ring of Flames                 Charms/Fire                  7
Comestibles
 d - 7 bread rations
 g - 9 meat rations
 o - 4 fruits
 v - 7 royal jellies
 Q - a chunk of flesh


   Skills:
 + Level 4.6(9.6) Fighting
 - Level 14.0(19.0) Axes
 - Level 3.0(8.0) Armour
 - Level 3.0(8.0) Shields
 - Level 9.0 Invocations


You had 10 spell levels left.
You didn't know any spells.

Dungeon Overview and Level Annotations

Branches:
Dungeon (9/15)             Temple (1/1) D:4            Lair (1/8) D:8
    Orc: D:9-12

Altars:
Ashenzari
Dithmenos
Fedhas
Makhleb
Nemelex Xobeh
Okawaru
Qazlal
Ru
Sif Muna
Trog
Vehumet
Xom
Yredelemnul
Zin

Shops:
D:5 =}(   D:7 !*?(


Innate Abilities, Weirdness & Mutations

You have a strong connection with the divine.
You may change religions without suffering divine wrath.
You are mostly covered in slimy green scales (AC +3).
Your skin blends seamlessly with your surroundings (Stealth).
You tend to lose your temper in combat.
Your body is slowly deteriorating.


Message History

Use which ability? (? or * to list)
You gain the combat prowess of a mighty hero.
You feel slightly more hungry. The fire elemental hits you.
The fire elemental burns you! The fire burns you terribly!
* * * LOW HITPOINT WARNING * * *
The fire elemental hits you. The fire elemental burns you!
The fire burns you terribly!
* * * LOW HITPOINT WARNING * * *
Your shield and ice dragon armour prevent you from hitting the fire elemental.
You tail-slap the fire elemental, but do no damage.
The fire elemental is almost destroyed.
You block the fire elemental's attack.
You hit the fire elemental but do no damage.
You tail-slap the fire elemental.
The fire elemental is almost destroyed.
You closely miss the fire elemental.
The fire elemental is almost destroyed.
The fire elemental hits you. The fire elemental burns you!
The fire burns you terribly!
You die...

.. . ..... #.P≈P. . .
#........ ..P≈P.#.
.)##......... ..PPP...
.............. .......#
#............. ##.....#
#.............
##.....####............
.#...#.............##
.#..[#..........@...#
.#.#.#.≈≈≈≈≈.§§E≈≈§.#
.....§.≈≈≈≈≈.§§#≈≈.##
.####P.§≈§≈§.§§##≈.P#
.# ##.§≈§≈≈..≈≈§§.P# .#
#.§§§.........## ##
########.###### ###


You could see a fire elemental.

Vanquished Creatures
  An ice statue (D:8)
  Pikel (D:6)
  Maurice (D:8)
  Joseph (D:9)
  A queen bee (D:9)
  Grinder (D:6)
  Prince Ribbit (D:7)
  11 yaks
  Eustachio (D:6)
  A hippogriff (D:7)
  A hungry ghost (D:9)
  A steam dragon (D:7)
  The ghost of SharpStick the Chopper, an average LaFi (D:3)
  Menkaure (D:7)
  3 orc warriors (D:9)
  4 sky beasts
  2 ice beasts
  4 slaves (D:6)
  A phantom (D:8)
  A necrophage (D:8)
  4 centaurs
  A crocodile (D:8)
  2 black bears
  5 ogres
  Sigmund (D:6)
  Duvessa (D:6)
  4 giant frogs
  A big kobold (D:9)
  4 scorpions
  19 killer bees (D:9)
  5 wights (D:7)
  6 crimson imps
  4 giant frog zombies
  4 hounds
  5 orc priests
  Dowan (D:6)
  2 centaur zombies (D:7)
  A quasit (D:6)
  Crazy Yiuf (D:3)
  2 giant frog skeletons
  4 iguanas
  3 iron imps (D:6)
  A jelly (D:9)
  8 orc wizards
  13 worker ants
  A killer bee zombie (D:9)
  Jessica (D:3)
  2 hound zombies (D:7)
  A worker ant zombie (D:7)
  Robin (D:3)
  4 gnolls (D:3)
  A river rat (D:6)
  A scorpion zombie (D:5)
  11 adders
  3 giant mites
  5 shadow imps
  A white imp (D:6)
  6 worms
  An adder skeleton (D:7)
  An ooze (D:3)
  54 orcs
  A ball python (D:3)
  A bat skeleton (D:4)
  A bat zombie (D:8)
  11 giant cockroaches
  17 hobgoblins
  12 jackals
  21 kobolds
  5 quokkas
  11 bats
  9 giant geckos
  A giant gecko skeleton (D:7)
  3 giant newts
  23 goblins
  A goblin zombie (D:5)
  A kobold zombie (D:5)
  2 quokka skeletons (D:5)
  13 rats
368 creatures vanquished.

Notes
Turn   | Place    | Note
--------------------------------------------------------------
     0 | D:1      | SharpStick, the Lacertilian Fighter, began the quest for the Orb.
     0 | D:1      | Reached XP level 1. HP: 15/15 MP: 1/1
   461 | D:1      | Reached XP level 2. HP: 20/20 MP: 2/2
  1118 | D:2      | Reached XP level 3. HP: 25/25 MP: 3/3
  1588 | D:2      | Reached XP level 4. HP: 30/30 MP: 3/3
  1605 | D:2      | Reached skill level 4 in Axes
  2170 | D:3      | Reached XP level 5. HP: 16/35 MP: 4/4
  2386 | D:3      | Noticed Jessica
  2395 | D:3      | Killed Jessica
  2471 | D:3      | Reached skill level 5 in Axes
  2514 | D:3      | Noticed SharpStick's ghost (average LaFi)
  2525 | D:3      | Killed SharpStick's ghost
  2525 | D:3      | Reached skill level 6 in Axes
  2525 | D:3      | Reached XP level 6. HP: 22/41 MP: 5/5
  2816 | D:3      | Found a blossoming altar of Fedhas.
  3094 | D:3      | Noticed Robin
  3112 | D:3      | Killed Robin
  3582 | D:3      | Noticed Crazy Yiuf
  3596 | D:3      | Killed Crazy Yiuf
  3870 | D:4      | Reached skill level 7 in Axes
  3870 | D:4      | Gained mutation: Your skin blends seamlessly with your surroundings (Stealth). [lacertilian growth]
  3870 | D:4      | Reached XP level 7. HP: 45/45 MP: 5/5
  4473 | D:4      | Reached skill level 8 in Axes
  4500 | D:4      | Found a staircase to the Ecumenical Temple.
  4532 | Temple   | Entered the Ecumenical Temple
  4547 | Temple   | Became a worshipper of Warmaster Okawaru
  4651 | D:4      | Found a shattered altar of Ashenzari.
  4940 | D:4      | Reached XP level 8. HP: 38/51 MP: 6/6
  5050 | D:5      | Entered Level 5 of the Dungeon
  5053 | D:5      | Found Tuehuel's Antique Weapon Shoppe.
  5251 | D:5      | Reached skill level 9 in Axes
  5475 | D:5      | Found Qoquim's Gadget Shop.
  5532 | D:5      | Found Kleton's Jewellery Emporium.
  5597 | D:5      | Acquired Okawaru's first power
  5657 | D:5      | Reached skill level 1 in Invocations
  6264 | D:6      | Reached skill level 10 in Axes
  6268 | D:6      | Gained mutation: You tend to lose your temper in combat. [mutagenic meat]
  6269 | D:6      | Gained mutation: Your body is slowly deteriorating. [mutagenic meat]
  6278 | D:6      | Noticed Sigmund
  6293 | D:6      | Killed Sigmund
  6420 | D:6      | Found a deep blue altar of Sif Muna.
  6421 | D:6      | Found a burning altar of Makhleb.
  6423 | D:6      | Found a basalt altar of Yredelemnul.
  6426 | D:6      | Found a sparkling altar of Nemelex Xobeh.
  6462 | D:6      | Noticed Eustachio
  6496 | D:6      | Killed Eustachio
  6539 | D:6      | Reached XP level 9. HP: 55/55 MP: 12/12
  6690 | D:6      | Noticed Grinder
  6693 | D:6      | Paralysed by Grinder for 6 turns
  6717 | D:6      | Noticed Dowan
  6718 | D:6      | Killed Grinder
  6724 | D:6      | Killed Dowan
  6729 | D:6      | Noticed Duvessa
  6747 | D:6      | Killed Duvessa
  6747 | D:6      | Reached skill level 11 in Axes
  6835 | D:6      | Noticed Pikel
  6995 | D:6      | Killed Pikel
  7768 | D:7      | Found Nauzeis' Distillery.
  7777 | D:7      | Bought 2 potions of curing for 72 gold pieces
  7777 | D:7      | Bought a potion of might for 48 gold pieces
  7777 | D:7      | Bought a potion of haste for 120 gold pieces
  7777 | D:7      | Bought a potion of curing for 36 gold pieces
  7833 | D:7      | Reached skill level 12 in Axes
  8131 | D:7      | Noticed Prince Ribbit
  8146 | D:7      | Killed Prince Ribbit
  8239 | D:7      | Found Hiomal's Magic Scroll Shoppe.
  8246 | D:7      | Bought a scroll of enchant armour for 105 gold pieces
  8247 | D:7      | Bought a scroll of identify for 28 gold pieces
  8302 | D:7      | Found Fuinunk's Antique Weapon Shoppe.
  8541 | D:7      | Noticed Menkaure
  8547 | D:7      | Killed Menkaure
  8547 | D:7      | Reached XP level 10. HP: 52/61 MP: 13/13
  8661 | D:7      | Reached skill level 13 in Axes
  8776 | D:7      | Found Qunilei's General Store.
  9587 | D:8      | Acquired Okawaru's second power
  9607 | D:8      | Reached skill level 5 in Invocations
  9764 | D:8      | Noticed an ice statue
  9848 | D:8      | Killed an ice statue
 10043 | D:8      | Noticed Maurice
 10061 | D:8      | Killed Maurice
 10269 | D:8      | Found a stormy altar of Qazlal.
 10502 | D:8      | Found a staircase to the Lair.
 10928 | D:9      | Noticed Joseph
 10952 | D:9      | Killed Joseph
 11303 | D:9      | Reached XP level 11. HP: 41/65 MP: 20/22
 11659 | D:9      | Reached skill level 14 in Axes
 12293 | D:9      | Received a gift from Okawaru
 12294 | D:9      | Got a jewelled scimitar {god gift}
 12295 | D:9      | Identified the +4 scimitar "Amargh" {slice, +Fly rN+} (Okawaru gifted it to you on level 9 of the Dungeon)
 12599 | Lair:1   | Entered Level 1 of the Lair of Beasts
 12907 | Lair:1   | Demolished by a fire elemental

Action                   |  1- 3 |  4- 6 |  7- 9 | 10-12 || total
-------------------------+-------+-------+-------+-------++-------
Melee: War axe           |   125 |   205 |   529 |   528 ||  1387
Throw: Tomahawk          |       |       |     2 |       ||     2
       Javelin           |       |       |       |     1 ||     1
Invok: Heroism           |       |       |     4 |     6 ||    10
       Finesse           |       |       |       |     2 ||     2
Evoke: Wand              |       |       |       |     1 ||     1
  Use: Scroll            |     3 |     1 |    15 |     2 ||    21
       Potion            |       |     2 |       |     2 ||     4
 Stab: Invisible         |       |     3 |       |       ||     3
       Sleeping          |       |       |     2 |     1 ||     3
       Distracted        |       |       |     1 |     1 ||     2
  Eat: Chunk             |     2 |     8 |    16 |    15 ||    41
       Pizza             |       |       |     1 |     1 ||     2
       Beef jerky        |       |       |     1 |       ||     1
       Royal jelly       |       |       |       |     1 ||     1
       Fruit             |       |       |       |     1 ||     1
